 Dungeon Crawl Stone Soup version 0.18.1-5-g4a78601 (webtiles) character file.

97 Etesian the Sneak (level 4, -3/22 HPs)
             Began as a Spriggan Assassin on May 13, 2016.
             Was an Initiate of Ashenzari.
             Slain by a gnoll
             ... wielding a +0 spear
              (11 damage)
             ... on level 2 of the Dungeon.
             The game lasted 00:03:58 (2208 turns).

Etesian the Sneak (Spriggan Assassin)               Turns: 2208, Time: 00:03:58

Health: -3/22      AC:  3    Str:  7    XL:     4   Next: 42%
Magic:  5/5        EV: 17    Int: 12    God:    Ashenzari [......]
Gold:   78         SH:  0    Dex: 18    Spells: 0 memorised, 3 levels left

rFire  . . .     SeeInvis +     a - +0 dagger (venom)
rCold  . . .     Gourm    .     c - +0 robe
rNeg   . . .     Faith    .     (shield restricted)
rPois  .         Spirit   .     (helmet restricted)
rElec  .         Dismiss  .     d - +0 cloak
rCorr  .         Reflect  .     (gloves unavailable)
SustAt .         Harm     .     (boots unavailable)
MR     .....                    (no amulet)
Stlth  ++++......               (no ring)
                                (no ring)

@: very quick, not resistant to hostile enchantments, stealthy
A: unfitting armour, see invisible, herbivore 3, speed 3, slow metabolism 2
a: Curse Item, Renounce Religion


You were on level 2 of the Dungeon.
You worshipped Ashenzari.
Ashenzari was noncommittal.
You were not hungry.

You visited 1 branch of the dungeon, and saw 2 of its levels.

You collected 78 gold pieces.

Inventory:

Hand Weapons
 a - a +0 dagger of venom (weapon)
 b - a +0 blowgun
Missiles
 e - 8 poisoned needles
 f - 2 curare-tipped needles
Armour
 c - a +0 robe (worn)
 d - a +0 cloak (worn)
Wands
 n - a wand of acid (12/15)
Scrolls
 h - a scroll of enchant weapon {unknown}
 i - a scroll of fog {unknown}
 m - a scroll of fear {unknown}
 o - 2 scrolls of magic mapping {unknown}
Potions
 j - a potion of agility {unknown}
 l - a potion of ambrosia {unknown}
Comestibles
 g - 2 bread rations
 k - a slice of pizza


   Skills:
 - Level 1.5 Fighting
 + Level 3.8 Short Blades
 - Level 2.0 Throwing
 - Level 1.5 Dodging
 * Level 7.7 Stealth


You had 3 spell levels left.
You didn't know any spells.

Dungeon Overview and Level Annotations

Branches:
Dungeon (2/15)

Altars:
Ashenzari


Innate Abilities, Weirdness & Mutations

You are tiny and cannot use many weapons and most armour.
You have supernaturally acute eyesight.
You are a herbivore.
You cover ground extremely quickly.
You need consume almost no food.


Message History

You hit the gnoll.
The gnoll is lightly wounded.
You hit the gnoll.
The gnoll is poisoned.
The gnoll is moderately wounded.
The gnoll closely misses you.
You hit the gnoll.
The gnoll looks even sicker.
The gnoll is severely wounded.
The gnoll completely misses you.
You kill the gnoll!
You start resting.
You regained 2 hp, and now have 7/22 hp.
The gnoll shouts!
The gnoll barely misses you.
You barely miss the gnoll.
The gnoll is severely wounded.
You hit the gnoll but do no damage.
The gnoll is poisoned.
The gnoll is severely wounded.
The gnoll hits you with a spear!
Ouch! That really hurt!
You die...

######...# #.....# #.#
g........###.....# #.#
#####.(...##.#.### #.#
##..#.##.#.# #.#
####..#.##.#.######### #.#
#....g#..#...........# #.#
#.#...##"#...........# #.#
#.#...........g......# #.#
#.#.#..#......@...†..###.#
#.#.#..(<..#.#...........#
#.#.#...#..#.#.###########
#.#......†.#.#.#
#.#.#......#.#.#
#.######.#...#.#
#..........).#.#
##########..#..#.#
...............#.#


You could see a gnoll.

Vanquished Creatures
  3 gnolls (D:2)
  2 adders (D:2)
  An ooze (D:2)
  A dart slug (D:1)
  3 bats
  4 giant cockroaches (D:1)
  8 goblins
  2 hobgoblins (D:1)
  A quokka (D:2)
  3 ball pythons
  A giant newt (D:1)
  7 kobolds
  8 rats
44 creatures vanquished.

Notes
Turn   | Place    | Note
--------------------------------------------------------------
     0 | D:1      | Etesian the Spriggan Assassin began the quest for the Orb.
     0 | D:1      | Reached XP level 1. HP: 10/10 MP: 2/2
    48 | D:1      | Reached skill level 6 in Stealth
   276 | D:1      | Reached XP level 2. HP: 14/14 MP: 3/3
   601 | D:1      | Found a shattered altar of Ashenzari.
   611 | D:1      | Became a worshipper of Ashenzari the Shackled
  1134 | D:2      | Reached XP level 3. HP: 17/18 MP: 4/4
  1521 | D:2      | Reached skill level 7 in Stealth
  2093 | D:2      | Reached XP level 4. HP: 6/22 MP: 5/5
  2208 | D:2      | Slain by a gnoll

Skill      XL: |  1  2  3 |
---------------+----------+-----
Stealth        | 6 7 |  7.7
Short Blades   | 3 |  3.8
Fighting       | |  1.5
Throwing       | |  2.0
Dodging        | |  1.5

Action                   |  1- 3 |  4- 6 || total
-------------------------+-------+-------++-------
Melee: Dagger            |   158 |    14 ||   172
 Stab: Sleeping          |    10 |       ||    10
       Distracted        |     1 |       ||     1
Armor: Robe              |    18 |       ||    18
Dodge: Dodged            |   141 |     9 ||   150
